[Event "CRO-ch 2020"]
[Site "Vinkovci"]
[Date "2020.06.25"]
[Round "7.1"]
[White "Plenca, Jadranko"]
[Black "Rogic, Davor"]
[Result "1/2-1/2"]
[ECO "C50"]
[WhiteElo "2483"]
[BlackElo "2492"]
[Annotator "RC"]
[PlyCount "65"]
[EventDate "2020.06.19"]
[EventType "tourn"]
[EventCountry "CRO"]
[SourceTitle "playchess.com"]
[Source "ChessBase"]
[SourceQuality "1"]
[TimeControl "40/5400+30:1800+30"]

1. e4 e5 2. Nf3 Nc6 3. Bc4 Bc5 4. Nc3 d6 5. Na4 Nf6 6. Nxc5 dxc5 7. d3 Qd6 8. a3 O-O 9. Be3 b6 10. Nd2 Be6 11. O-O h6 12. h3 Rad8 13. f4 exf4 14. Rxf4 Nd7 15. Bxe6 Qxe6 16. b4 cxb4 17. axb4 Nxb4 18. Rxa7 Qc6 19. Nc4 b5 20. Na3 Ra8 21. Rxa8 Rxa8 22. Qh5 Nf6 23. Qxb5 Qc3 24. Bc5 Qxa3 25. Bxb4 Qc1+ 26. Rf1 Qxc2 27. Bc5 Qc3 28. Be7 Ra2 29. Qf5 Qxd3 30. Bxf6 Qg3 31. Qc8+ Kh7 32. Qf5+ Kg8 33. Qc8+ 1/2-1/2

[Event "CRO-ch 2020"]
[Site "Vinkovci"]
[Date "2020.06.25"]
[Round "7.2"]
[White "Brkic, Ante"]
[Black "Jovanic, Ognjen"]
[Result "1/2-1/2"]
[ECO "C65"]
[WhiteElo "2593"]
[BlackElo "2524"]
[Annotator "RC"]
[PlyCount "62"]
[EventDate "2020.06.19"]
[EventType "tourn"]
[EventCountry "CRO"]
[SourceTitle "playchess.com"]
[Source "ChessBase"]
[SourceQuality "1"]
[TimeControl "40/5400+30:1800+30"]

1. e4 e5 2. Nf3 Nc6 3. Bb5 Nf6 4. d3 Bc5 5. c3 O-O 6. O-O d6 7. h3 Ne7 8. d4 Bb6 9. Re1 Ng6 10. Bd3 Re8 11. Nbd2 c6 12. Nf1 Bc7 13. Ng3 Be6 14. Be3 d5 15. exd5 Bxd5 16. Bxg6 hxg6 17. Nxe5 Bxe5 18. dxe5 Rxe5 19. Qd4 Re8 20. c4 Be6 21. Qc3 b5 22. b3 bxc4 23. bxc4 c5 24. Bxc5 Rc8 25. Bxa7 Rxc4 26. Qb2 Qc7 27. Be3 Rc2 28. Qd4 Rxa2 29. Rxa2 Bxa2 30. Rc1 Qb7 31. Qb6 Qxb6 1/2-1/2

[Event "CRO-ch 2020"]
[Site "Vinkovci"]
[Date "2020.06.25"]
[Round "7.3"]
[White "Saric, Ante"]
[Black "Kovacevic, Blazimir"]
[Result "1-0"]
[ECO "A40"]
[WhiteElo "2541"]
[BlackElo "2410"]
[Annotator "ChessBase"]
[PlyCount "71"]
[EventDate "2020.06.19"]
[EventType "tourn"]
[EventCountry "CRO"]
[SourceTitle "playchess.com"]
[Source "ChessBase"]
[SourceQuality "1"]
[TimeControl "40/5400+30:1800+30"]

1. Nf3 b6 2. d4 Bb7 3. Bf4 g6 4. Nc3 Nf6 5. Qd2 d6 6. O-O-O Nbd7 7. d5 Bg7 8. e4 O-O 9. Nd4 Nc5 10. f3 e5 11. dxe6 Nxe6 12. Be3 a6 13. g4 b5 14. h4 Nxd4 15. Bxd4 Re8 16. g5 Nh5 17. Bxg7 Kxg7 18. Bh3 f5 19. exf5 Bxf3 20. f6+ Kf8 21. Bg2 Bxd1 22. Bxa8 Qxa8 23. Rxd1 Re5 24. Nd5 Qc6 25. Qd3 Qd7 26. Qc3 c5 27. Nf4 Qg4 28. Nxh5 gxh5 29. Qd3 Qf4+ 30. Kb1 Re4 31. Qd5 Qe5 32. Qb7 Qf5 33. Qxa6 Rd4 34. Qa8+ Kf7 35. Qb7+ Ke6 36. Re1+ 1-0

[Event "CRO-ch 2020"]
[Site "Vinkovci"]
[Date "2020.06.26"]
[Round "8.3"]
[White "Zelcic, Robert"]
[Black "Bosiocic, Marin"]
[Result "1/2-1/2"]
[ECO "B51"]
[WhiteElo "2527"]
[BlackElo "2625"]
[Annotator "RC"]
[PlyCount "118"]
[EventDate "2020.06.19"]
[EventType "tourn"]
[EventCountry "CRO"]
[SourceTitle "playchess.com"]
[Source "ChessBase"]
[SourceQuality "1"]
[TimeControl "40/5400+30:1800+30"]

1. e4 c5 2. Nf3 d6 3. Bb5+ Nd7 4. d4 cxd4 5. Qxd4 a6 6. Bxd7+ Qxd7 7. O-O e5 8. Qd3 Qc6 9. c4 Be6 10. b3 b5 11. Nfd2 Nf6 12. Nc3 Rc8 13. Nd5 Bxd5 14. cxd5 Qc3 15. Qxc3 Rxc3 16. Ba3 a5 17. Rfc1 Rd3 18. Rc8+ Ke7 19. Rc7+ Kd8 20. Rc2 g6 21. f3 Bh6 22. Nf1 Kd7 23. Kf2 Nh5 24. Ke1 Rb8 25. Rc6 b4 26. Bc1 Bf4 27. Ke2 Rc3 28. Rxc3 bxc3 29. g3 Bxc1 30. Rxc1 a4 31. Rxc3 axb3 32. Rxb3 Ra8 33. a3 Ra7 34. Ne3 Nf6 35. Nc4 Ke7 36. Rb6 Ne8 37. g4 h5 38. g5 h4 39. f4 exf4 40. Kf3 Rc7 41. Rc6 Rxc6 42. dxc6 Kd8 43. e5 d5 44. Nd6 Ng7 45. Nxf7+ Kc7 46. Kxf4 Ne6+ 47. Kg4 d4 48. Nh8 d3 49. Kf3 Nxg5+ 50. Ke3 d2 51. Kxd2 Nf3+ 52. Ke3 Nxe5 53. Kf4 g5+ 54. Kxe5 g4 55. Kf4 g3 56. hxg3 hxg3 57. Kxg3 Kxc6 58. Nf7 Kb5 59. Ne5 Ka4 1/2-1/2

[Event "CRO-ch 2020"]
[Site "Vinkovci"]
[Date "2020.06.26"]
[Round "8.4"]
[White "Kovacevic, Blazimir"]
[Black "Kozul, Zdenko"]
[Result "1-0"]
[ECO "A36"]
[WhiteElo "2410"]
[BlackElo "2597"]
[Annotator "RC"]
[PlyCount "81"]
[EventDate "2020.06.19"]
[EventType "tourn"]
[EventCountry "CRO"]
[SourceTitle "playchess.com"]
[Source "ChessBase"]
[SourceQuality "1"]
[TimeControl "40/5400+30:1800+30"]

1. c4 g6 2. Nc3 Bg7 3. g3 c5 4. Bg2 Nc6 5. b3 e6 6. Ba3 d6 7. e3 Nge7 8. Nge2 e5 9. d3 Be6 10. Qd2 a5 11. O-O O-O 12. Rad1 b6 13. d4 exd4 14. exd4 Bg4 15. f3 Bf5 16. g4 Bc8 17. dxc5 dxc5 18. Qxd8 Rxd8 19. Rxd8+ Nxd8 20. Na4 Rb8 21. Rd1 Ndc6 22. h3 Kf8 23. Kf2 Ke8 24. f4 Nb4 25. Bxb4 cxb4 26. Rd6 b5 27. cxb5 Rxb5 28. Nd4 Bxd4+ 29. Rxd4 h5 30. Bf3 hxg4 31. hxg4 Bd7 32. Rd6 Nc8 33. Ra6 Kd8 34. Ke3 g5 35. f5 Kc7 36. Kd4 Bxf5 37. gxf5 Rxf5 38. Rc6+ Kd7 39. Nc5+ Ke7 40. Rc7+ Kf6 41. Be4 1-0

[Event "CRO-ch 2020"]
[Site "Vinkovci"]
[Date "2020.06.26"]
[Round "8.6"]
[White "Plenca, Jadranko"]
[Black "Brkic, Ante"]
[Result "0-1"]
[ECO "B51"]
[WhiteElo "2483"]
[BlackElo "2593"]
[Annotator "RC"]
[PlyCount "108"]
[EventDate "2020.06.19"]
[EventType "tourn"]
[EventCountry "CRO"]
[SourceTitle "playchess.com"]
[Source "ChessBase"]
[SourceQuality "1"]
[TimeControl "40/5400+30:1800+30"]

1. e4 c5 2. Nf3 d6 3. Bb5+ Nd7 4. a4 Ngf6 5. Nc3 a6 6. Be2 g6 7. O-O Bg7 8. a5 O-O 9. Re1 b5 10. axb6 Bb7 11. d3 Qxb6 12. h3 c4 13. Ra2 cxd3 14. cxd3 Qc7 15. Bf1 e5 16. Qa4 d5 17. Qa5 Qd6 18. b3 Rfc8 19. Ba3 Qc7 20. Bb4 Qc6 21. d4 exd4 22. Nxd4 Qb6 23. Qxb6 Nxb6 24. e5 Ne4 25. Nxe4 dxe4 26. Bd6 Rd8 27. Ne2 Re8 28. Rc1 Bxe5 29. Bxe5 Rxe5 30. Rc7 Rb8 31. Nd4 Nd5 32. Rc5 Re7 33. Raa5 Nb4 34. Ra4 Nd3 35. Rc3 Nf4 36. g3 Nd5 37. Rc5 Rd7 38. Nc2 e3 39. fxe3 Re8 40. Rd4 Ree7 41. Ra5 Rc7 42. e4 Nf6 43. e5 Ne4 44. Rc4 Nxg3 45. Rxc7 Rxc7 46. Bc4 Ne4 47. e6 fxe6 48. Nd4 Nd2 49. Bxe6+ Kg7 50. Ra2 Rc1+ 51. Kf2 Ne4+ 52. Ke3 Rc3+ 53. Kf4 Kf6 54. h4 Rd3 0-1

[Event "CRO-ch 2020"]
[Site "Vinkovci"]
[Date "2020.06.28"]
[Round "10.3"]
[White "Kovacevic, Blazimir"]
[Black "Martinovic, Sasa"]
[Result "0-1"]
[ECO "A25"]
[WhiteElo "2410"]
[BlackElo "2532"]
[Annotator "ChessBase"]
[PlyCount "62"]
[EventDate "2020.06.19"]
[EventType "tourn"]
[EventCountry "CRO"]
[SourceTitle "playchess.com"]
[Source "ChessBase"]
[SourceQuality "1"]
[TimeControl "40/5400+30:1800+30"]

1. c4 g6 2. Nc3 Bg7 3. g3 e5 4. Bg2 d6 5. d3 Nc6 6. e3 Nf6 7. Nge2 O-O 8. O-O Be6 9. Nd5 Qd7 10. Nec3 Ne8 11. f4 Bh3 12. Bxh3 Qxh3 13. Bd2 exf4 14. gxf4 f5 15. Rf3 Qh4 16. Qb3 Nd8 17. c5 Rf7 18. cxd6 cxd6 19. Be1 Qh5 20. Kg2 Ne6 21. Rh3 Qg4+ 22. Rg3 Qh5 23. Rh3 Qg4+ 24. Bg3 g5 25. Rf1 h6 26. e4 gxf4 27. Nxf4 Nd4 28. Qc4 fxe4 29. Nh5 Nf5 30. Qxf7+ Kxf7 31. Rh4 Qf3+ 0-1

[Event "CRO-ch 2020"]
[Site "Vinkovci"]
[Date "2020.07.01"]
[Round "11.2"]
[White "Kozul, Zdenko"]
[Black "Brkic, Ante"]
[Result "1-0"]
[ECO "D38"]
[WhiteElo "2597"]
[BlackElo "2593"]
[Annotator "ChessBase"]
[PlyCount "49"]
[EventDate "2020.06.19"]
[EventType "tourn"]
[EventCountry "CRO"]
[SourceTitle "playchess.com"]
[Source "ChessBase"]
[SourceQuality "1"]
[TimeControl "40/5400+30:1800+30"]

1. d4 Nf6 2. c4 e6 3. Nf3 d5 4. Nc3 Bb4 5. Bg5 h6 6. Bxf6 Qxf6 7. e3 O-O 8. Rc1 dxc4 9. Bxc4 c5 10. dxc5 Bxc5 11. Qc2 Qe7 12. Ne4 Bb4+ 13. Ke2 Bd7 14. a3 Ba5 15. b4 Bb6 16. g4 Bc6 17. Rhg1 Nd7 18. g5 h5 19. g6 Rac8 20. Neg5 f6 21. Bxe6+ Kh8 22. Nf7+ Rxf7 23. Qf5 Kg8 24. gxf7+ Kf8 25. Nh4 1-0

[Event "CRO-ch 2020"]
[Site "Vinkovci"]
[Date "2020.07.01"]
[Round "11.3"]
[White "Bosiocic, Marin"]
[Black "Plenca, Jadranko"]
[Result "1-0"]
[ECO "C65"]
[WhiteElo "2625"]
[BlackElo "2483"]
[Annotator "ChessBase"]
[PlyCount "73"]
[EventDate "2020.06.19"]
[EventType "tourn"]
[EventCountry "CRO"]
[SourceTitle "playchess.com"]
[Source "ChessBase"]
[SourceQuality "1"]
[TimeControl "40/5400+30:1800+30"]

1. e4 e5 2. Nf3 Nc6 3. Bb5 Bc5 4. c3 Nf6 5. d3 O-O 6. O-O Re8 7. Bg5 h6 8. Bh4 Bf8 9. Nbd2 d6 10. Re1 Bd7 11. a4 g5 12. Bg3 Bg7 13. Bc4 Be6 14. h4 g4 15. Nh2 Qd7 16. Bxe6 Qxe6 17. Nc4 d5 18. exd5 Qxd5 19. Nxg4 Nh7 20. Nge3 Qd7 21. Qf3 Qxd3 22. Rad1 Qg6 23. Nf5 Re6 24. Rd7 Nf6 25. h5 Qg5 26. Bh4 Qxh5 27. Qxh5 Nxh5 28. Rxc7 Rb8 29. b4 e4 30. Nxg7 Nxg7 31. b5 Ne5 32. Nxe5 Rxe5 33. Bg3 Ree8 34. Rd7 Rbc8 35. Rxb7 Rxc3 36. Rxa7 Rb3 37. Bf4 1-0

[Event "CRO-ch 2020"]
[Site "Vinkovci"]
[Date "2020.07.01"]
[Round "11.4"]
[White "Martinovic, Sasa"]
[Black "Jovanic, Ognjen"]
[Result "1-0"]
[ECO "D15"]
[WhiteElo "2532"]
[BlackElo "2524"]
[Annotator "ChessBase"]
[PlyCount "93"]
[EventDate "2020.06.19"]
[EventType "tourn"]
[EventCountry "CRO"]
[SourceTitle "playchess.com"]
[Source "ChessBase"]
[SourceQuality "1"]
[TimeControl "40/5400+30:1800+30"]

1. d4 d5 2. c4 c6 3. Nc3 Nf6 4. e3 a6 5. Nf3 b5 6. b3 Bg4 7. a4 b4 8. Ne2 Bxf3 9. gxf3 Nbd7 10. Bg2 a5 11. e4 e6 12. Be3 g6 13. Rc1 Bg7 14. h4 h5 15. Qd2 Qb8 16. O-O O-O 17. Bf4 Qd8 18. Bg5 Qb8 19. Bf4 Qd8 20. Bg5 Qb8 21. cxd5 cxd5 22. Rc6 Rc8 23. Qc2 Nb6 24. Rc1 Qa7 25. Qd3 Rxc6 26. Rxc6 Rc8 27. Qb5 Rxc6 28. Qxc6 Nbd7 29. e5 Nh7 30. Bd8 Nb8 31. Qb5 Bf8 32. Bxa5 Na6 33. f4 Be7 34. Bf1 Nf8 35. Qb6 Qxb6 36. Bxb6 Nd7 37. Ba5 Nab8 38. Bc7 Na6 39. Bd6 Bd8 40. Nc1 Ndb8 41. Bb5 Bb6 42. Nd3 Ba5 43. Kf1 Kg7 44. Ke2 Kg8 45. Ke3 Kg7 46. Bxa6 Nxa6 47. Nc5 1-0

[Event "CRO-ch 2020"]
[Site "Vinkovci"]
[Date "2020.07.01"]
[Round "11.5"]
[White "Stevic, Hrvoje"]
[Black "Kovacevic, Blazimir"]
[Result "1-0"]
[ECO "B04"]
[WhiteElo "2575"]
[BlackElo "2410"]
[Annotator "ChessBase"]
[PlyCount "53"]
[EventDate "2020.06.19"]
[EventType "tourn"]
[EventCountry "CRO"]
[SourceTitle "playchess.com"]
[Source "ChessBase"]
[SourceQuality "1"]
[TimeControl "40/5400+30:1800+30"]

1. e4 Nf6 2. e5 Nd5 3. d4 d6 4. Nf3 g6 5. Bc4 Nb6 6. Bb3 Bg7 7. Qe2 O-O 8. h3 c5 9. dxc5 dxc5 10. Be3 c4 11. Bxc4 Nxc4 12. Qxc4 Nc6 13. Nc3 Qa5 14. O-O Bf5 15. Qh4 Bxc2 16. Bh6 Rfd8 17. Bxg7 Kxg7 18. a3 Nxe5 19. Nd4 Bd3 20. Rfe1 e6 21. Rad1 Qb6 22. Qg3 Rxd4 23. Qxe5+ Kg8 24. Rd2 Rad8 25. Red1 R8d6 26. Qe3 f6 27. Rxd3 1-0